Map: Alcyone LE

Players

Khollateral

  • Race: Protoss Protoss
  • League: Diamond
  • Spawn Location: 1:00

TerranYOUup - Winner!

  • Race: Terran Terran
  • League: Master
  • Spawn Location: 7:00

VOD

Have the link to the VOD?

Description

Time

  • Played on: Nov. 24, 2023, 10:15 p.m.
  • Length: 10:50
Show
View Real Time Build Order
Export as new Build Order

Khollateral Protoss 

Build Orders: 1 Gate Expand, Phoenix Opening 

Get SALT Encoding   

  12  0:00  Probe  
  13  0:13  Probe  
  14  0:18  Pylon  
  14  0:25  Probe  
  15  0:37  Probe (Chrono Boost)  
  15  0:38  Gateway  
  16  0:49  Assimilator, Probe (Chrono Boost)  
  17  0:56  Probe (Chrono Boost)  
  18  1:06  Probe  
  19  1:18  Probe  
  20  1:25  Cybernetics Core  
  21  1:37  Nexus  
  21  1:39  Pylon  
  20  1:44  Probe  
  21  1:48  Assimilator  
  21  1:56  Probe  
  22  2:03  Warp Gate  
  24  2:08  Probe  
  24  2:09  Adept  
  25  2:21  Probe  
  26  2:33  Probe  
  26  2:34  Stargate  
  29  2:46  Probe (Chrono Boost)  
  29  2:49  Shield Battery, Stalker (Chrono Boost)  
  29  2:50  Probe (Chrono Boost)  
  31  2:58  Probe (Chrono Boost)  
  33  2:59  Probe (Chrono Boost)  
  33  3:02  Probe (Chrono Boost)  
  33  3:04  Probe (Chrono Boost)  
  34  3:12  Probe  
  36  3:16  Probe  
  36  3:17  Phoenix (Chrono Boost)  
  39  3:20  Stalker  
  39  3:24  Probe  
  42  3:28  Probe, Pylon  
  42  3:33  Phoenix  
  43  3:36  Probe  
  46  3:46  Probe  
  47  4:00  Pylon  
  49  4:13  Oracle (Chrono Boost)  
  45  4:20  Robotics Facility  
  37  4:53  Probe  
  38  5:00  Assimilator, Probe  
  38  5:01  Assimilator, Forge  
  38  5:02  Stalker  
  38  5:06  Gateway  
  41  5:07  Observer, Gateway  
  39  5:30  Stalker  
  39  5:32  Probe  
  39  5:33  Probe  
  43  5:36  Photon Cannon  
  43  5:41  Observer, Photon Cannon  
  44  5:43  Pylon  
  44  5:48  Probe x2  
  46  5:54  Adept  
  48  6:00  Probe  
  47  6:08  Stalker  
  47  6:09  Stalker  
  51  6:13  Phoenix (Chrono Boost)  
  52  6:35  Photon Cannon, Probe x2  
  47  6:43  Observer  
  47  6:47  Phoenix (Chrono Boost), Probe x2 (Chrono Boost)  
  47  6:51  Observer  
  51  6:59  Probe (Chrono Boost)  
  51  7:00  Probe (Chrono Boost)  
  53  7:05  Probe (Chrono Boost)  
  53  7:06  Phoenix  
  56  7:16  Probe  
  56  7:20  Robotics Bay  
  57  7:26  Immortal (Chrono Boost)  
  61  7:35  Probe x2  
  63  7:39  Protoss Ground Weapons Level 1 (Chrono Boost)  
  63  7:48  Probe x2  
  63  7:50  Sentry x2  
  69  7:55  Pylon  
  69  8:01  Probe  
  70  8:11  Colossus (Chrono Boost)  
  70  8:13  Probe  
  70  8:17  Pylon  
  77  8:20  Probe  
  77  8:24  Extended Thermal Lance  
  78  8:35  Probe  
  79  8:53  Colossus (Chrono Boost)  
  85  9:05  Nexus, Photon Cannon  
  85  9:06  Twilight Council, Pylon  
  85  9:08  Gateway  
  85  9:10  Gateway  
  85  9:31  Colossus (Chrono Boost)  
  91  9:54  Shield Battery  
  85  10:25  Pylon  
  85  10:26  Pylon  
  85  10:31  Pylon  
Show
View Real Time Build Order
Export as new Build Order

TerranYOUup Terran - Winner!

Build Orders: Liberator Opening 

Get SALT Encoding   

  12  0:00  SCV  
  13  0:12  SCV  
  14  0:19  Supply Depot  
  14  0:24  SCV  
  15  0:29  Refinery  
  15  0:40  SCV  
  16  0:48  Barracks  
  16  0:52  SCV  
  16  0:55  Refinery  
  17  1:04  SCV  
  18  1:16  SCV  
  19  1:28  SCV  
  20  1:37  Marine  
  21  1:40  Supply Depot  
  21  1:41  SCV  
  21  1:46  Factory  
  22  2:05  Bunker, Marine  
  23  2:10  Orbital Command  
  23  2:27  Supply Depot  
  23  2:31  Starport  
  23  2:35  Factory Reactor  
  23  2:40  SCV  
  24  2:50  Armory  
  24  2:56  Marine  
  25  3:08  Medivac  
  25  3:12  Widow Mine x2  
  31  3:14  Supply Depot  
  31  3:16  Marine  
  33  3:20  SCV  
  33  3:34  Widow Mine x2  
  37  3:38  Liberator  
  40  3:44  Supply Depot  
  40  3:55  Widow Mine x2  
  44  4:16  Widow Mine  
  44  4:17  Widow Mine  
  42  4:30  Medivac  
  44  4:38  Widow Mine x2  
  48  4:50  Barracks  
  48  4:52  Barracks  
  44  4:54  Factory  
  44  4:59  Widow Mine x2  
  45  5:00  Liberator  
  48  5:21  Widow Mine x2  
  44  5:41  Factory Tech Lab  
  44  5:42  Widow Mine x2  
  48  5:45  Barracks Reactor  
  48  5:48  Medivac  
  50  5:59  Barracks Reactor x2  
  50  6:11  Command Center  
  50  6:31  Marine x2  
  41  6:43  Marine x4  
  41  6:44  Siege Tank  
  40  6:48  Marine  
  40  6:49  Marine  
  38  7:01  Marine x4  
  39  7:06  Marine  
  42  7:08  Marine  
  43  7:16  Siege Tank  
  43  7:18  Marine  
  43  7:19  Marine  
  48  7:29  Marine  
  48  7:30  Marine x3  
  48  7:36  SCV, Marine x2  
  55  7:42  Orbital Command  
  55  7:47  Marine x3  
  55  7:48  Marine  
  55  7:49  Siege Tank  
  62  7:54  Marine  
  63  8:01  SCV  
  63  8:03  Marine  
  65  8:10  SCV  
  66  8:13  SCV  
  66  8:17  Marine x3  
  70  8:24  Supply Depot  
  70  8:26  Supply Depot  
  70  8:31  Factory Tech Lab  
  70  8:32  SCV  
  70  8:33  SCV  
  68  8:45  SCV  
  68  8:46  Siege Tank, SCV  
  70  8:57  SCV  
  70  8:58  Siege Tank  
  70  9:01  Marine x3  
  77  9:03  Starport Reactor  
  77  9:08  SCV  
  77  9:09  SCV  
  79  9:18  Siege Tank  
  79  9:20  SCV  
  83  9:30  Siege Tank  
  86  10:01  Supply Depot  
  86  10:02  Supply Depot  
  86  10:04  Supply Depot  
  86  10:23  Marine x6  
Tags
 
Add a new tag
Caveats
  • Supply blocks, unpowered buildings, or Contaminate may cause inaccurate times.
  • Supply counts are checked every 10 seconds.